 Dungeon Crawl Stone Soup version bcrawl-1.27.8b (webtiles) character file.

Game seed: 18038309200321245887

480379 LostNumber the Brawler (level 15, 0/124 HPs)
             Began as a Demonspawn Archaeologist on Nov 5, 2020.
             Was a High Priest of Okawaru.
             Slain by a 17-headed hydra (6 damage)
             ... on level 3 of the Swamp.
             The game lasted 00:47:43 (26040 turns).

LostNumber the Brawler (Demonspawn Archaeologist)  Turns: 26040, Time: 00:47:44

Health: 0/124      AC: 23    Str: 18    XL:     15   Next: 93%
Magic:  15/22      EV:  9    Int: 16    God:    Okawaru [*****.]
Gold:   2362       SH: 13    Dex: 11    Spells: 14/14 levels left

rFire    + . .     SeeInvis +     - Claws (48.7)
rCold    . . .     Gourm    .   m - +1 buckler {reflect}
rNeg     . . .     Faith    .   f - +3 plate armour {MR+}
rPois    +         Spirit   .   M - +1 hat
rElec    .         Reflect  +   S - scarf {stasis}
rCorr    +         Harm     .   (gloves unavailable)
MR       ++...                  d - +1 pair of boots
Stlth    ..........             h - amulet of Juemapl Ycwe {Reflect rPois SH+4}
HPRegen  0.30/turn              V - ring of resist corrosion
MPRegen  0.18/turn              z - ring of see invisible

@: heroism, finesse
A: claws 3, horns 2, talons 2, demonic guardian 2, fire resistance 1, powered by
death 1, flame cloud immunity
a: Heroism, Finesse, Renounce Religion


You were on level 3 of the Swamp.
You worshipped Okawaru.
Okawaru was extremely pleased with you.
You were hungry.

You visited 4 branches of the dungeon, and saw 22 of its levels.
You also visited: Gauntlet.

You collected 2362 gold pieces.

Inventory:

Missiles
 C - 11 throwing nets {=f!f}
Armour
 d - a +1 pair of boots (worn)
 f - a +3 plate armour of magic resistance (worn)
   (You acquired it on level 3 of the Dungeon)
 m - a +1 buckler of reflection (worn)
   (Okawaru gifted it to you on level 5 of the Lair of Beasts)
 M - a +1 hat (worn)
 P - the +1 chain mail of the Carpenter {rElec MP+9, unknown}
   (Okawaru gifted it to you on level 12 of the Dungeon)

   It insulates you from electricity.
   It affects your magic capacity (+9).
 Q - a +1 crystal plate armour
   (Okawaru gifted it to you on level 2 of the Swamp)
 S - a scarf of stasis (worn)
   (Okawaru gifted it to you on level 1 of the Lair of Beasts)
Jewellery
 h - the amulet of Juemapl Ycwe (around neck) {Reflect rPois SH+4}
   (You found it in a Gauntlet)

   [amulet of reflection]

   It shields you and reflects attacks.
   It protects you from poison.
   It affects your SH (+4).
 z - a ring of see invisible (right claw)
   (You took it off an orc on level 7 of the Dungeon)
 V - a ring of resist corrosion (left claw)
   (You found it in a Gauntlet)
Wands
 c - a wand of disintegration (8)
   (You found it on level 9 of the Dungeon)
 t - a wand of flame (47)
   (You found it on level 4 of the Lair of Beasts)
 u - a wand of paralysis (22)
   (You found it on level 9 of the Dungeon)
 v - a wand of digging (23)
   (You found it on level 3 of the Lair of Beasts)
 x - a wand of acid (8)
   (You found it on level 5 of the Lair of Beasts)
 F - a wand of polymorph (32)
   (You found it on level 8 of the Dungeon)
 K - a wand of enslavement (16)
   (You found it on level 9 of the Dungeon)
 Z - a wand of scattershot (6)
   (You found it on level 2 of the Lair of Beasts)
Scrolls
 b - a scroll of summoning {unknown}
 g - 5 scrolls of magic mapping
 n - 12 scrolls of remove curse {@r2}
 q - 3 scrolls of fear
 r - a scroll of silence {unknown}
 s - 3 scrolls of immolation {!r}
 w - 5 scrolls of teleportation {@r4}
 y - 5 scrolls of fog
 G - 2 scrolls of torment {unknown}
 I - 2 scrolls of noise {unknown}
 U - 2 scrolls of vulnerability {unknown}
Potions
 a - 5 potions of flight {unknown}
 j - 4 potions of degeneration {unknown}
 o - 6 potions of curing {@q1}
 p - 3 potions of might
 B - 4 potions of berserk rage
 D - 2 potions of heal wounds {unknown}
 E - 4 potions of brilliance
 H - 2 potions of lignification {unknown}
 L - 2 potions of magic {unknown}
 N - 3 potions of agility
 O - a potion of invisibility {unknown}
 T - 5 potions of mutation {unknown}
 W - 5 potions of ambrosia {unknown}
 Y - 3 potions of cancellation
Miscellaneous
 k - a lightning rod (4/4) {!a}
   (You found it on level 4 of the Lair of Beasts)
 A - a lamp of fire
   (You found it in a Gauntlet)
 X - 2 phantom mirrors
Comestibles
 e - 34 rations {!d!d}


   Skills:
 + Level 13.2(18.2) Fighting
   Level 0.8(5.8) Maces & Flails
 + Level 9.3(14.3) Armour
 - Level 2.6(7.6) Dodging
 - Level 3.0(8.0) Stealth
 - Level 7.3(12.3) Shields
 * Level 16.4(21.4) Unarmed Combat
 - Level 10.0 Invocations
 - Level 10.0 Evocations


You had 14 spell levels left.
You didn't know any spells.
Your spell library contained the following spells:

 Spells                   Type           Power        Failure   Level  Hunger
 Beastly Appendage        Tmut           #.....       99%         1    None
 Magic Dart               Conj           #...         99%         1    None
 Blink                    Tloc           N/A          100%        2    ####...
 Call Imp                 Summ           #.....       100%        2    ####...
 Passwall                 Tmut/Erth      #.......     100%        2    ####...
 Sticks to Snakes         Tmut           #.......     100%        2    ####...
 Conjure Flame            Conj/Fire      #.......     100%        3    #####..
 Mephitic Cloud           Conj/Pois/Air  #.......     100%        3    #####..
 Recall                   Summ/Tloc      N/A          100%        3    #####..
 Spider Form              Tmut/Pois      #..          100%        3    #####..
 Animate Dead             Necr           N/A          100%        4    ######.
 Ice Form                 Ice/Tmut       #.......     100%        4    ######.
 Blade Hands              Tmut           #.........   100%        5    #######
 Iskenderun's Battlesphe  Conj/Chrm      #.......     100%        5    #######
 Piercing Shot            Chrm           #.........   100%        5    #######
 Silence                  Hex/Air        #.........   100%        5    #######
 Borgnjor's Vile Clutch   Necr/Erth      #.........   100%        6    #######
 Death Channel            Chrm/Necr      #.........   100%        6    #######
 Deflect Missiles         Chrm/Air       #.........   100%        6    #######
 Infestation              Hex/Tmut/Pois  #........    100%        6    #######
 Simulacrum               Ice/Necr       #.........   100%        6    #######
 Discord                  Hex            #.........   100%        8    #######


Dungeon Overview and Level Annotations

Branches:
Dungeon (12/12)            Temple (0/1) D:5            Lair (6/6) D:9
  Swamp (3/3) Lair:3        Snake (0/3) Lair:2        Slime (0/5) Lair:6
    Orc (1/1) D:11            Elf (0/3) Orc          Vaults (0/3) D:11
 Depths (0/5) D:12

Altars:
Cheibriados
Elyvilon
Hepliaklqana
Kikubaaqudgha
Lugonu
Nemelex Xobeh
Okawaru
Qazlal
Ru
Trog
Uskayaw
Xom
Zin
The Shining One
Beogh
Jiyva

Shops:
D:7 [   D:10 [   Orc !=[=

Annotations:
D:1 Terence
D:3 Grinder
D:10 2 runed doors
Lair:5 exclusion: oklob plant
Lair:6 2 runed doors
Swamp:2 exclusion: 2 oklob plants
Swamp:3 1 exclusion


Innate Abilities, Weirdness & Mutations

You have claws for hands.
You have a pair of horns on your head.
You have razor-sharp toenails.
A demonic guardian rushes to your aid.
Your flesh is heat resistant. (rF+)
You regenerate a little health from kills.
You are immune to clouds of flame.


Message History

* * * LOW HITPOINT WARNING * * *
The 12-headed hydra closely misses you.
The 12-headed hydra bites you but does no damage. x3
You can now deal lightning-fast blows.
The 12-headed hydra bites you but does no damage. x2
The 12-headed hydra bites you!
* * * LOW HITPOINT WARNING * * *
You block the 12-headed hydra's attack. x2
The 12-headed hydra bites you but does no damage. x2
The 12-headed hydra bites you.
* * * LOW HITPOINT WARNING * * *
The 12-headed hydra bites you but does no damage. x2
You block the 12-headed hydra's attack.
The 12-headed hydra bites you but does no damage.
You claw one of the 12-headed hydra's heads off!
The 11-headed hydra grows two more!
You claw the 13-headed hydra! You headbutt the 13-headed hydra.
You tear one of the 13-headed hydra's heads off!
The 12-headed hydra grows two more!
You scratch the 14-headed hydra.
Your headbutt misses the 14-headed hydra.
The 14-headed hydra bites you.
* * * LOW HITPOINT WARNING * * *
The 14-headed hydra bites you but does no damage.
You block the 14-headed hydra's attack. The 14-headed hydra barely misses you.
You block the 14-headed hydra's attack.
The 14-headed hydra bites you but does no damage.
The 14-headed hydra bites you!
* * * LOW HITPOINT WARNING * * *
The 14-headed hydra bites you.
* * * LOW HITPOINT WARNING * * *
The 14-headed hydra bites you but does no damage.
The 14-headed hydra bites you!
* * * LOW HITPOINT WARNING * * *
The 14-headed hydra bites you but does no damage.
You block the 14-headed hydra's attack.
The 14-headed hydra bites you but does no damage.
The 14-headed hydra barely misses you.
You rip one of the 14-headed hydra's heads off!
The 13-headed hydra grows two more!
You eviscerate the 15-headed hydra!!! You headbutt the 15-headed hydra!
You hear a roar!
You hear a shout!
You rip one of the 15-headed hydra's heads off!
The 14-headed hydra grows two more!
You claw the 16-headed hydra!
Unknown command.
You rip one of the 16-headed hydra's heads off!
The 15-headed hydra grows two more!
You mangle the 17-headed hydra!! You headbutt the 17-headed hydra.
You block the 17-headed hydra's attack. x2
The 17-headed hydra bites you but does no damage.
The 17-headed hydra bites you.
You die...

♣♣♣≈≈.)..≈..♣♣♣...♣
♣.§≈.≈≈.≈♣♣♣.≈≈.♣ ♣
♣♣≈..≈≈≈≈♣♣♣≈≈≈≈♣ ♣
♣♣.....≈≈......♣ ♣♣♣
♣♣.≈≈≈≈≈...≈.≈♣♣♣
.≈♣ ♣≈≈.≈≈≈≈≈≈....♣♣
≈.♣♣♣.≈.♣≈≈≈≈≈≈≈§..♣
≈..♣♣♣♣♣♣≈...≈≈≈≈.♣♣
≈≈...≈♣♣♣♣≈♣♣≈≈D@♣♣
≈≈≈≈≈≈....≈≈≈♣♣♣♣♣
≈≈≈≈≈≈≈≈≈≈.§≈♣
.†≈≈≈≈≈≈≈≈≈≈D.♣
♣♣†..≈≈≈≈≈..♣♣♣
≈♣...≈≈≈≈≈§..♣
≈....≈≈≈≈..♣≈≈≈
♣♣..≈≈≈≈≈≈..♣≈.≈
≈♣..≈≈≈≈≈...≈..♣


You could see a 17-headed hydra.

Vanquished Creatures
  Gastronok (Lair:1)
  3 thorn hunters (Swamp:2)
  An orc warlord (Orc)
  A dire elephant (D:12)
  Harold (D:10)
  Erolcha (D:12)
  A vault guard (D:11)
  A shambling mangrove (Swamp:2)
  Erica (D:10)
  3 ogre magi
  12 hydras
  4 alligators
  8 two-headed ogres (D:12)
  A centaur warrior (D:10)
  10 death yaks
  A tengu warrior (D:12)
  A goliath frog (Swamp:2)
  Sonja (Orc)
  A fire crab (shapeshifter) (D:12)
  4 swamp dragons
  2 unseen horrors
  4 spriggan druids
  7 orc sorcerers (Orc)
  A wolf spider (D:12)
  A faun (Lair:4)
  2 ugly things (D:12)
  2 elephants (Lair:5)
  A salamander (D:12)
  4 black mambas
  13 cane toads
  9 komodo dragons
  3 rime drakes
  A freezing wraith (D:12)
  A merfolk (D:9)
  3 trolls
  A polar bear (Lair:5)
  7 hornets
  4 tyrant leeches
  6 hippogriffs
  12 blink frogs
  A dream sheep (Lair:6)
  4 slime creatures
  3 bog bodies
  10 flying skulls (Gauntlet)
  3 wyverns
  2 spriggans (Swamp:2)
  3 shadows (Gauntlet)
  5 basilisks
  2 hungry ghosts
  2 hogs (Lair:3)
  A steam dragon (D:9)
  29 yaks
  21 vampire mosquitoes
  6 insubstantial wisps
  11 swamp worms
  2 wargs (Orc)
  An acid dragon (D:11)
  4 nagas (Lair:2)
  10 crocodiles
  5 soldier ants (Gauntlet)
  8 porcupines
  4 swamp drakes
  6 water moccasins
  3 ice beasts
  10 orc warriors
  5 sky beasts
  An eye of draining (D:11)
  A necrophage (D:9)
  A black bear (D:10)
  6 ogres
  27 wolves
  3 centaurs
  9 bullfrogs
  A big kobold (D:8)
  4 gnoll sergeants (D:7)
  3 scorpions
  A howler monkey (D:4)
  4 electric eels
  A bullfrog zombie (D:6)
  2 crimson imps
  A centaur zombie (D:8)
  2 bullfrog skeletons
  7 hounds
  4 jellies
  6 orc priests
  33 orc wizards
  6 centaur skeletons
  2 gnoll shamans (D:7)
  An iguana (D:3)
  5 worker ants
  3 hell rats (Lair:5)
  A hound skeleton (D:4)
  38 gnolls
  12 adders
  An ooze (D:3)
  An adder skeleton (D:5)
  2 worms (D:3)
  13 dart slugs
  5 leopard geckos
  71 orcs
  4 bats
  2 bat zombies (D:2)
  5 giant cockroaches
  5 goblins (D:1)
  6 hobgoblins
  8 jackals
  A quokka (D:5)
  3 frilled lizards
  13 kobolds
  7 rats
  6 briar patches
640 creatures vanquished.

Vanquished Creatures (collateral kills)
  Kirke (Lair:3)
  A thorn hunter (Swamp:2)
  A very ugly thing (D:12)
  A minotaur (Gauntlet)
  A dire elephant (Lair:6)
  A ghost crab (Swamp:3)
  3 hydras
  A shambling mangrove (Swamp:2)
  A death knight (D:12)
  A queen ant (Gauntlet)
  3 two-headed ogres (D:12)
  7 death yaks
  A swamp dragon (Swamp:3)
  An elephant (Lair:5)
  2 black mambas
  A gargoyle (D:11)
  A rime drake (Lair:6)
  2 hornets (Swamp:2)
  A troll (D:12)
  7 blink frogs
  2 flying skulls (Gauntlet)
  A spriggan (Swamp:2)
  A basilisk (Lair:4)
  2 yaks
  A vampire mosquito (Swamp:2)
  3 swamp worms (Swamp:2)
  A water moccasin (Lair:4)
  A soldier ant (Gauntlet)
  A crocodile (Lair:6)
  2 hornet zombies
  An orc warrior (Orc)
  2 sky beasts
  An ice beast (D:5)
  A phantom (D:9)
  An eye of draining (D:12)
  8 wolves (Lair:4)
  2 ogres
  2 centaurs
  A crimson imp (D:5)
  An orc priest (Orc)
  An orc wizard (D:5)
  A hell rat (Lair:5)
  A hound skeleton (D:5)
  An adder skeleton (D:4)
  22 orcs
  A jackal (D:7)
  3 kobolds (D:8)
103 creatures vanquished.

Vanquished Creatures (others)
  A manticore (D:12)
  An orc wizard (Orc)
  8 fungi
  22 plants (Gauntlet)
32 creatures vanquished.

Grand Total: 775 creatures vanquished

Notes
Turn   | Place    | Note
-------+----------+-------------------------------------------
     0 | D:1      | LostNumber the Demonspawn Archaeologist began the quest for
                  | the Orb.
     0 | D:1      | Reached XP level 1. HP: 15/15 MP: 1/1
   232 | D:1      | Gained mutation: You have a pair of small horns on your
                  | head. [demonic ancestry]
   232 | D:1      | Reached XP level 2. HP: 10/22 MP: 2/2
   576 | D:1      | Reached skill level 1 in Unarmed Combat
   727 | D:1      | Gained mutation: Your flesh is heat resistant. (rF+)
                  | [demonic ancestry]
   727 | D:1      | Reached XP level 3. HP: 23/28 MP: 3/3
   894 | D:1      | Found a snail-covered altar of Cheibriados.
  1211 | D:2      | Noticed Terence
  1400 | D:2      | Found an iron altar of Okawaru.
  1419 | D:2      | Became a worshipper of Warmaster Okawaru
  1494 | D:2      | Found a stormy altar of Qazlal.
  1898 | D:2      | Noticed a +0 hand axe
  1898 | D:2      | Noticed a +0 hand axe
  1899 | D:2      | Found a hide-covered altar of Uskayaw.
  1936 | D:2      | Found an ancient bone altar of Kikubaaqudgha.
  2101 | D:3      | Noticed Grinder
  2159 | D:3      | Reached skill level 2 in Unarmed Combat
  2196 | D:3      | Gained mutation: You have a pair of horns on your head.
                  | [demonic ancestry]
  2196 | D:3      | Reached XP level 4. HP: 34/34 MP: 4/4
  2441 | D:3      | Found a snail-covered altar of Cheibriados.
  2517 | D:3      | Found a hazy altar of Hepliaklqana.
  2518 | D:3      | Found a shimmering altar of Xom.
  2518 | D:3      | Noticed a hell beast
  2519 | D:3      | Noticed a spectral ugly thing
  2519 | D:3      | Noticed a hell beast
  2575 | D:3      | Reached skill level 3 in Unarmed Combat
  2583 | D:3      | Gained mutation: You have sharp toenails. [demonic
                  | ancestry]
  2583 | D:3      | Reached XP level 5. HP: 20/41 MP: 5/5
  2583 | D:3      | Identified a scroll of acquirement
  2660 | D:3      | Identified the +4 hand crossbow of Optimality {penet, rPois
                  | rC+} (You acquired it on level 3 of the Dungeon)
  2686 | D:3      | Found a faded altar of an unknown god.
  3398 | D:3      | Paralysed by Grinder for 2 turns
  3401 | D:3      | Paralysed by Grinder for 3 turns
  3535 | D:3      | Paralysed by Grinder for 2 turns
  3571 | D:4      | Found a corrupted altar of Lugonu.
  3633 | D:4      | Reached skill level 1 in Armour
  3848 | D:4      | Gained mutation: A weak demonic guardian rushes to your
                  | aid. [demonic ancestry]
  3848 | D:4      | Reached XP level 6. HP: 44/48 MP: 6/6
  3898 | D:4      | Reached skill level 4 in Unarmed Combat
  4114 | D:4      | Reached * piety under Okawaru
  4210 | D:4      | Noticed a sky beast
  4221 | D:4      | Killed a sky beast
  4221 | D:4      | Gained mutation: You regenerate a little health from kills.
                  | [demonic ancestry]
  4221 | D:4      | Reached XP level 7. HP: 34/54 MP: 7/7
  4463 | D:4      | Found a sacrificial altar of Ru.
  4703 | D:5      | Entered Level 5 of the Dungeon
  4858 | D:5      | Noticed a yak
  4880 | D:5      | Killed a yak
  4880 | D:5      | Reached skill level 5 in Unarmed Combat
  5106 | D:5      | Reached ** piety under Okawaru
  5241 | D:5      | Reached skill level 5 in Fighting
  5282 | D:5      | Reached skill level 6 in Unarmed Combat
  5282 | D:5      | Gained mutation: You have razor-sharp toenails. [demonic
                  | ancestry]
  5282 | D:5      | Reached XP level 8. HP: 49/62 MP: 8/8
  5359 | D:5      | Got a steaming mace
  5390 | D:5      | Found a bloodstained altar of Trog.
  5397 | D:5      | Found a staircase to the Ecumenical Temple.
  5854 | D:6      | Reached *** piety under Okawaru
  6049 | D:6      | Reached skill level 7 in Unarmed Combat
  6180 | D:6      | Reached skill level 1 in Invocations
  6541 | D:7      | Reached XP level 9. HP: 57/69 MP: 10/10
  7099 | D:8      | Reached skill level 8 in Unarmed Combat
  7125 | D:8      | Reached skill level 5 in Armour
  7177 | D:7      | Reached **** piety under Okawaru
  8078 | D:9      | Found a staircase to the Lair.
  8090 | D:9      | Noticed a death yak
  8121 | D:9      | Noticed a death yak
  8123 | D:9      | Noticed a death yak
  8144 | D:9      | Killed a death yak
  8144 | D:9      | Reached skill level 9 in Unarmed Combat
  8144 | D:9      | Reached skill level 5 in Invocations
  8144 | D:9      | Gained mutation: You have sharp fingernails. [demonic
                  | ancestry]
  8144 | D:9      | Reached XP level 10. HP: 42/79 MP: 13/13
  8152 | D:9      | Killed a death yak
  8152 | D:9      | Reached ***** piety under Okawaru
  8332 | D:9      | Identified the cursed ring "Upteanab" {Fire rElec Dex-3
                  | Stlth+}
  8449 | D:9      | Killed a death yak
  8885 | D:9      | Reached skill level 1 in Evocations
  8995 | D:10     | Entered Level 10 of the Dungeon
  8995 | D:10     | Noticed Harold
  9009 | D:10     | Killed Harold
  9009 | D:10     | Reached skill level 10 in Unarmed Combat
  9068 | D:10     | Noticed Erica
  9091 | D:10     | Killed Erica
  9101 | D:10     | Found Rotacack's Antique Armour Shoppe.
  9120 | D:10     | Gained mutation: You are immune to clouds of flame.
                  | [demonic ancestry]
  9120 | D:10     | Reached XP level 11. HP: 87/87 MP: 13/15
  9223 | D:10     | Noticed an ogre mage
  9223 | D:10     | Noticed a centaur warrior
  9241 | D:10     | Killed an ogre mage
  9245 | D:10     | Killed a centaur warrior
  9245 | D:10     | Received a gift from Okawaru
  9248 | D:10     | Got an ebony hunting sling {god gift}
  9449 | D:10     | Found a runed door.
  9450 | D:10     | Found a runed door.
 10071 | D:7      | Found Umecejukk's Antique Armour Boutique.
 10166 | D:7      | Reached skill level 11 in Unarmed Combat
 10470 | D:7      | Found a sparkling altar of Nemelex Xobeh.
 10676 | D:7      | Found a white marble altar of Elyvilon.
 10676 | D:7      | Found a glowing golden altar of the Shining One.
 10676 | D:7      | Found a glowing silver altar of Zin.
 10791 | D:4      | Found a snail-covered altar of Cheibriados.
 10917 | Lair:1   | Entered Level 1 of the Lair of Beasts
 10950 | Lair:1   | Noticed Gastronok
 10971 | Lair:1   | Killed Gastronok
 10971 | Lair:1   | Received a gift from Okawaru
 11070 | Lair:1   | Reached skill level 5 in Evocations
 11292 | Lair:1   | Gained mutation: A demonic guardian rushes to your aid.
                  | [demonic ancestry]
 11292 | Lair:1   | Reached XP level 12. HP: 59/96 MP: 16/16
 11902 | Lair:2   | Reached skill level 12 in Unarmed Combat
 12566 | Lair:2   | Found a staircase to the Snake Pit.
 12995 | Lair:3   | Found a staircase to the Swamp.
 13029 | Lair:3   | Received a gift from Okawaru
 13029 | Lair:3   | Reached skill level 10 in Fighting
 13032 | Lair:3   | Got an ichor-stained morningstar {god gift}
 13147 | Lair:3   | Noticed Kirke
 13162 | Lair:3   | Killed Kirke
 13306 | Lair:3   | Got an ancient quarterstaff
 14205 | Lair:4   | Received a gift from Okawaru
 14494 | Lair:4   | Noticed a death yak
 14494 | Lair:4   | Noticed a death yak
 14504 | Lair:4   | Noticed a death yak
 14507 | Lair:4   | Noticed a death yak
 14507 | Lair:4   | Killed a death yak
 14508 | Lair:4   | Noticed a death yak
 14509 | Lair:4   | Noticed a death yak
 14511 | Lair:4   | Killed a death yak
 14516 | Lair:4   | Killed a death yak
 14535 | Lair:4   | Killed a death yak
 14539 | Lair:4   | Killed a death yak
 14539 | Lair:4   | Gained mutation: You have very sharp fingernails. [demonic
                  | ancestry]
 14539 | Lair:4   | Reached XP level 13. HP: 55/104 MP: 19/19
 14540 | Lair:4   | Reached ****** piety under Okawaru
 14540 | Lair:4   | Reached skill level 5 in Shields
 14656 | Lair:4   | Reached skill level 13 in Unarmed Combat
 15211 | Lair:5   | Received a gift from Okawaru
 16314 | Lair:6   | Entered Level 6 of the Lair of Beasts
 16459 | Lair:6   | Reached skill level 10 in Invocations
 16597 | Lair:6   | Found a viscous altar of Jiyva.
 16609 | Lair:6   | Found a staircase to the Slime Pits.
 17185 | Lair:6   | Received a gift from Okawaru
 17308 | Lair:6   | Noticed a dire elephant
 17318 | Lair:6   | Killed a dire elephant
 17353 | Lair:6   | Found a large runed door.
 17354 | Lair:6   | Found a large runed door.
 17823 | D:11     | Gained mutation: You have claws for hands. [demonic
                  | ancestry]
 17823 | D:11     | Reached XP level 14. HP: 113/113 MP: 18/21
 17866 | D:11     | Reached skill level 14 in Unarmed Combat
 18070 | D:11     | Found a gate to the Vaults.
 18170 | D:11     | Found a staircase to the Orcish Mines.
 18185 | D:11     | Found a roughly hewn altar of Beogh.
 18310 | D:11     | Got a brightly glowing battleaxe
 18600 | Orc      | Entered the Orcish Mines
 18649 | Orc      | Noticed Sonja
 18655 | Orc      | Killed Sonja
 18659 | Orc      | Found a gate leading to a gauntlet.
 18663 | Orc      | Noticed an orc warlord
 18668 | Gauntlet | Entered a Gauntlet
 18668 | Gauntlet | Found a transporter.
 18695 | Gauntlet | Found a transporter.
 18697 | Gauntlet | Found a transporter.
 18699 | Gauntlet | Found a transporter.
 18716 | Gauntlet | Found a transporter.
 18729 | Gauntlet | Found a transporter.
 18735 | Gauntlet | Found a transporter.
 18750 | Gauntlet | Found a transporter.
 18769 | Gauntlet | Found a transporter.
 18781 | Gauntlet | Found a transporter.
 18802 | Gauntlet | Found a transporter.
 18814 | Gauntlet | Found a transporter.
 18826 | Gauntlet | Found a transporter.
 18832 | Gauntlet | Found a transporter.
 18832 | Gauntlet | Found a transporter.
 18875 | Gauntlet | Found a transporter.
 18903 | Gauntlet | Found a transporter.
 18983 | Gauntlet | Found a transporter.
 19181 | Gauntlet | Got a vibrating crystal amulet
 19205 | Gauntlet | Received a gift from Okawaru
 19352 | Gauntlet | Identified the amulet of Juemapl Ycwe {Reflect rPois SH+4}
                  | (You found it in a Gauntlet)
 19386 | Orc      | Killed an orc warlord
 19690 | Orc      | Found a roughly hewn altar of Beogh.
 19755 | Orc      | Found Zanas's Jewellery Emporium.
 19755 | Orc      | Found Tisoc's Armour Boutique.
 19883 | Orc      | Found a staircase to the Elven Halls.
 19917 | Orc      | Found Uneburas's Jewellery Emporium.
 19953 | Orc      | Found Mirruunt's Distillery.
 20206 | D:12     | Entered Level 12 of the Dungeon
 20331 | D:12     | Received a gift from Okawaru
 20338 | D:12     | Got a fine chain mail {god gift}
 20697 | D:12     | Noticed a brown very ugly thing
 20705 | D:12     | Killed a brown very ugly thing
 20849 | D:12     | Noticed Erolcha
 20871 | D:12     | Reached skill level 15 in Unarmed Combat
 20880 | D:12     | Killed Erolcha
 21232 | D:12     | Reached XP level 15. HP: 121/121 MP: 19/22
 21484 | D:12     | Found a staircase to the Depths.
 21546 | D:12     | Received a gift from Okawaru
 21555 | D:12     | Got a masterwork arbalest {god gift}
 22017 | Swamp:1  | Entered Level 1 of the Swamp
 22063 | Swamp:1  | Reached skill level 10 in Evocations
 22979 | Swamp:2  | Noticed a thorn hunter
 23080 | Swamp:2  | Killed a thorn hunter
 23624 | Swamp:2  | Noticed a thorn hunter
 23651 | Swamp:2  | Killed a thorn hunter
 23653 | Swamp:2  | Received a gift from Okawaru
 23692 | Swamp:2  | Noticed a thorn hunter
 23716 | Swamp:2  | Killed a thorn hunter
 24258 | Swamp:2  | Noticed a thorn hunter
 24474 | Swamp:2  | Reached skill level 16 in Unarmed Combat
 24643 | Swamp:2  | Killed a thorn hunter
 25042 | Swamp:3  | Entered Level 3 of the Swamp
 25608 | Swamp:3  | Noticed a thorn hunter
 26037 | Swamp:3  | HP: 6/124 [14-headed hydra (9)]
 26040 | Swamp:3  | Slain by a 17-headed hydra

Skill      XL: |  1  2  3  4  5  6  7  8  9 10 11 12 13 14 15 |
---------------+----------------------------------------------+-----
Fighting       | 2 3 4 5 6 7 8 9 10 11 12 13 | 13.2
Unarmed Combat | 1 2 3 4 6 7 9 10 11 12 13 15 16 | 16.4
Armour         | 1 2 3 4 5 6 7 9 |  9.3
Invocations    | 2 5 6 8 10 | 10.0
Evocations     | 2 5 6 8 9 10 | 10.0
Shields        | 3 4 6 7 |  7.3
Maces & Flails | |  0.8
Dodging        | |  2.6
Stealth        | |  3.0

Action                   |  1- 3 |  4- 6 |  7- 9 | 10-12 | 13-15 || total
-------------------------+-------+-------+-------+-------+-------++-------
Melee: Whip              |    41 |       |       |       |       ||    41
       Unarmed           |   172 |   241 |   339 |   693 |  1339 ||  2784
       Headbutt          |    22 |    35 |    70 |   108 |   238 ||   473
       Punch             |       |     1 |     6 |    28 |       ||    35
Invok: Heroism           |       |       |     2 |    15 |    30 ||    47
       Finesse           |       |       |       |       |     4 ||     4
Evoke: Wand              |       |       |       |     1 |    12 ||    13
       Lamp of fire      |       |       |       |       |     2 ||     2
       Lightning rod     |       |       |       |       |     1 ||     1
  Use: Scroll            |       |     3 |     1 |     4 |    14 ||    22
       Potion            |       |       |     1 |       |     1 ||     2
 Stab: Sleeping          |     6 |     3 |       |       |       ||     9
       Distracted        |       |       |     2 |     3 |     3 ||     8
       Paralysed         |       |       |       |       |     2 ||     2
  Eat: Chunk             |     9 |    12 |    17 |    32 |    50 ||   120
       Ration            |       |       |     1 |       |     2 ||     3
Armor: Robe              |    55 |       |       |       |       ||    55
       Ring mail         |    25 |    86 |   143 |    16 |       ||   270
       Plate armour      |       |       |       |   436 |   576 ||  1012
Dodge: Dodged            |   158 |   108 |   139 |   248 |   240 ||   893
Block: Other             |       |       |       |    70 |       ||    70
       Buckler           |       |       |       |       |   593 ||   593
       Reflection        |       |       |       |       |    10 ||    10
